 Dungeon Crawl Stone Soup version 0.28-a0-726-g4a9143789a (webtiles) character file.

Game seed: 2673971266622798588

385 blank1 the Skirmisher (level 6, -7/57 HPs)
             Began as a Minotaur Fighter on Oct 27, 2021.
             Was an Initiate of Okawaru.
             Mangled by an ogre (14 damage)
             ... on level 4 of the Dungeon.
             The game lasted 00:09:12 (3693 turns).

blank1 the Skirmisher (Minotaur Fighter)            Turns: 3693, Time: 00:09:12

Health: -7/57      AC:  8    Str: 21    XL:     6   Next: 48%
Magic:  5/5        EV: 10    Int:  5    God:    Okawaru [......]
Gold:   171        SH:  4    Dex: 11    Spells: 5/5 levels left

rFire   . . .      SeeInvis .   a - +0 long sword
rCold   . . .      Faith    .   c - +0 buckler
rNeg    . . .      Spirit   .   b - +0 scale mail
rPois   .          Reflect  .   (helmet restricted)
rElec   .          Harm     .   h - scarf {+Inv}
rCorr   .          Rampage  .   g - +0 pair of gloves
Will    .....                   (no boots)
Stlth   ..........              (no amulet)
HPRegen 0.19/turn               (no ring)
MPRegen 0.09/turn               (no ring)

@: no status effects
A: horns 2, retaliatory headbutt
a: Renounce Religion, Evoke Invisibility


You were on level 4 of the Dungeon.
You worshipped Okawaru.
Okawaru was noncommittal.
You visited 1 branch of the dungeon, and saw 4 of its levels.
You also visited: Sewer.

You collected 171 gold pieces.

Inventory:

Hand Weapons
 a - a +0 long sword (weapon)
Armour
 b - a +0 scale mail (worn)
 c - a +0 buckler (worn)
 g - a +0 pair of gloves (worn)
 h - a scarf of invisibility (worn)
Wands
 d - a wand of polymorph (10)
Scrolls
 e - 2 scrolls of fog
 i - 2 scrolls of teleportation {unknown}
 k - a scroll of immolation {unknown}
 n - a scroll of enchant armour {unknown}
 r - 2 scrolls of fear {unknown}
 s - 2 scrolls of summoning {unknown}
 t - 2 scrolls of blinking {unknown}
Potions
 f - 3 potions of flight
 j - a potion of ambrosia
 l - 2 potions of berserk rage
 m - a potion of haste
 o - a potion of curing {unknown}
 p - a potion of invisibility {unknown}


   Skills:
 + Level 6.0 Fighting
 - Level 5.0 Long Blades
 - Level 5.0 Armour
 - Level 2.0 Dodging
 - Level 4.0 Shields
 + Level 0.4 Invocations
 + Level 0.0 Evocations


You had 5 spell levels left.
You didn't know any spells.
Your spell library was empty.

Dungeon Overview and Level Annotations

Branches:
Dungeon (4/15)              Sewer (visited)
 Temple: D:4-7

Altars:
Okawaru

Shops:
D:2 !


Innate Abilities, Weirdness & Mutations

You have a pair of horns on your head.
You reflexively headbutt those who attack you in melee.


Message History

Okay, then.
You enter the shallow water.
Moving in this stuff is going to be slow.
There is a collapsed entrance here.
You see here 3 potions of degeneration.
You enter the shallow water.
Moving in this stuff is going to be slow.
You now have 171 gold pieces (gained 5).
You open the door.
A goblin, a hobgoblin and an ogre come into view.
The hobgoblin shouts!
The goblin shouts!
The ogre shouts!
Found an Everburning Encyclopedia.
You hit the hobgoblin but do no damage. The hobgoblin hits you.
You hit the hobgoblin but do no damage. You headbutt the hobgoblin.
You kill the hobgoblin!
Okawaru accepts your kill. You block the goblin's attack.
You closely miss the goblin. The goblin hits you with a +0 club.
You barely miss the goblin. The goblin misses you.
You barely miss the goblin. You headbutt the goblin.
You kill the goblin!
Okawaru accepts your kill.
You slash the ogre!
The ogre is moderately wounded.
The ogre hits you with a +0 giant club!!
You hit the ogre.
The ogre is heavily wounded.
The ogre hits you with a +0 giant club!!
* * * LOW HITPOINT WARNING * * *
You hit the ogre but do no damage.
The ogre is heavily wounded.
The ogre hits you but does no damage.
You slash the ogre! Your headbutt misses the ogre.
The ogre is severely wounded.
The ogre hits you with a +0 giant club!
* * * LOW HITPOINT WARNING * * *
You hit the ogre.
The ogre is almost dead.
The ogre hits you with a +0 giant club!
You die...

#.# #......#
#.# #......#
#.# #......#
#.# #......*
#.# *.:...,*
#.# *,...,,*
#.# **#'#***
#.### #O#
#...# #@#
###.#########
#.#
#.........#
#.#
#########.#
#.### #.#
#...# #.#
###.# #.# #.#
###.#####.#
#.........#


You could see an ogre.

Vanquished Creatures
  Sigmund (D:2)
  An orc priest (D:3)
  Jessica (D:3)
  Robin (D:3)
  2 adders (D:3)
  5 worms
  6 dart slugs
  4 orcs (D:3)
  14 bats
  11 endoplasms
  16 giant cockroaches
  15 goblins
  4 hobgoblins
  4 jackals (Sewer)
  3 kobolds
  4 quokkas
  3 ball pythons
  2 frilled lizards
  5 rats
102 creatures vanquished.

Vanquished Creatures (others)
  4 plants (D:2)
4 creatures vanquished.

Grand Total: 106 creatures vanquished

Notes
Turn   | Place    | Note
-------+----------+-------------------------------------------
     0 | D:1      | blank1 the Minotaur Fighter began the quest for the Orb.
     0 | D:1      | Reached XP level 1. HP: 19/19 MP: 0/0
   169 | D:1      | Reached XP level 2. HP: 27/27 MP: 1/1
   574 | D:1      | Reached skill level 1 in Dodging
   619 | D:1      | Reached skill level 4 in Fighting
   619 | D:1      | Reached XP level 3. HP: 33/33 MP: 2/2
  1131 | D:2      | Found Rizuteomn's Distillery.
  1403 | D:2      | Found a faded altar of an unknown god.
  1912 | D:2      | Noticed Sigmund
  1980 | D:2      | Killed Sigmund
  1981 | D:2      | Reached skill level 5 in Fighting
  1981 | D:2      | Reached XP level 4. HP: 42/42 MP: 3/3
  1981 | D:2      | Reached XP level 5. HP: 48/48 MP: 4/4
  2565 | D:3      | Reached XP level 6. HP: 54/56 MP: 5/5
  2577 | D:3      | Noticed Robin
  2583 | D:3      | Killed Robin
  2707 | D:3      | Noticed Jessica
  2714 | D:3      | Killed Jessica
  3000 | D:4      | Found an iron altar of Okawaru.
  3008 | D:4      | Became a worshipper of Warmaster Okawaru
  3049 | D:4      | Found a glowing drain.
  3072 | Sewer    | Entered a sewer
  3077 | Sewer    | Reached skill level 5 in Armour
  3078 | Sewer    | Reached skill level 5 in Long Blades
  3373 | Sewer    | Reached skill level 6 in Fighting
  3586 | D:4      | Identified a scroll of acquirement
  3586 | D:4      | Acquired a scarf of invisibility
  3693 | D:4      | Mangled by an ogre

Illustrated notes

Levels and vault maps discovered:
D:1:      psy_arrival_conway, layout_basic
D:2:      minmay_roachtagon, layout_loops_corners, serial_shops, shop,
          serial_bayou, serial_bayou_pond_a, serial_bayou_pond_a,
          serial_bayou_shore_b, serial_bayou_lagoon_b, basic_ecumenical_altar,
          hangedman_abyss_or_decor_stabs, uniq_sigmund
D:3:      layout_basic, uniq_jessica, uniq_robin
D:4:      layout_basic, mainiacjoe_overflow_surrounded_room,
          beargit_hepliaklqana_dungeon_heroes, cheibrodos_sewer_entry_bend,
          hex_intersection, minmay_starry_boxes

Skill      XL: |  1  2  3  4  5  6 |
---------------+-------------------+-----
Dodging        | 1 2 |  2.0
Fighting       | 4 5 6 |  6.0
Shields        | 4 |  4.0
Armour         | 4 5 |  5.0
Long Blades    | 4 5 |  5.0
Invocations    | |  0.4

Action                   |  1- 3 |  4- 6 || total
-------------------------+-------+-------++-------
Melee: Long sword        |   105 |   121 ||   226
       Headbutt          |    15 |    22 ||    37
  Use: Potion            |     1 |     1 ||     2
       Scroll            |       |     6 ||     6
Armor: Scale mail        |    43 |    42 ||    85
Dodge: Dodged            |    56 |    64 ||   120
Block: Buckler           |    34 |    33 ||    67

Table legend: (Time is in decaauts)
 A = Elapsed time spent in this place.
 B = Non-inter-level travel time spent in this place.
 C = Inter-level travel time spent in this place.
 D = Time resting spent in this place.
 E = Time spent auto-exploring this place.
 F = Levels seen in this place.
 G = Mean time per level.
                   A        B        C        D        E       F      G
               +--------+--------+--------+--------+--------+-----+--------+
         Total |   3867 |   3746 |    121 |    161 |   2708 |   5 |  773.4 |
       Dungeon |   3244 |   3123 |    121 |     96 |   2410 |   4 |  811.0 |
         Sewer |    623 |    623 |      0 |     65 |    298 |   1 |  623.0 |
               +--------+--------+--------+--------+--------+-----+--------+

Top non-repeatable levels by time:
     D:2: 1206 daAuts
     D:1: 1031 daAuts
     D:3: 808 daAuts
   Sewer: 623 daAuts
     D:4: 197 daAuts
